 Dungeon Crawl Stone Soup version 0.27-a0-1136-g0b992a5a9d (webtiles) character file.

Game seed: 9114778359212071585

187 1player the Slasher (level 5, 0/42 HPs)
             Began as a Demigod Fighter on May 4, 2021.
             Slain by a ball python (1 damage)
             ... in a sewer.
             The game lasted 00:05:32 (3584 turns).

1player the Slasher (Demigod Fighter)               Turns: 3584, Time: 00:05:33

Health: 0/42       AC:  6    Str: 21    XL:     5   Next: 15%
Magic:  7/7        EV:  8    Int: 10    God:
Gold:   34         SH:  9    Dex: 13    Spells: 4/4 levels left

rFire    . . .     SeeInvis .   a - +0 long sword
rCold    . . .     Faith    .   c - +0 kite shield
rNeg     . . .     Spirit   .   b - +0 scale mail
rPois    .         Reflect  .   (no helmet)
rElec    .         Harm     .   (no cloak)
rCorr    .         Rampage  .   (no gloves)
Will     .....                  (no boots)
Stlth    ..........             (no amulet)
HPRegen  0.14/turn              e - +4 ring of evasion
MPRegen  0.10/turn              (no ring)

@: brilliant, constricted, very slow
A: high mp 1, forlorn
a: no special abilities


You were in a sewer.
You visited 1 branch of the dungeon, and saw 3 of its levels.
You also visited: Sewer.

You collected 34 gold pieces.

Inventory:

Hand Weapons
 a - a +0 long sword (weapon)
Missiles
 h - 6 poisoned darts (quivered)
Armour
 b - a +0 scale mail (worn)
 c - a +0 kite shield (worn)
Jewellery
 e - a +4 ring of evasion (left hand)
Scrolls
 f - a scroll of identify {unknown}
 g - a scroll of torment {unknown}
 n - 2 scrolls of fog
 o - a scroll of blinking {unknown}
Potions
 i - a potion of ambrosia {unknown}
 j - 2 potions of flight {unknown}
 k - 3 potions of brilliance
 m - a potion of experience {unknown}
 p - 2 potions of curing {unknown}


   Skills:
 - Level 2.6 Fighting
 + Level 5.2 Long Blades
 - Level 2.6 Armour
 - Level 2.6 Shields


You had 4 spell levels left.
You didn't know any spells.
Your spell library was empty.

Dungeon Overview and Level Annotations

Branches:
Dungeon (3/15)              Sewer (1/1)


Innate Abilities, Weirdness & Mutations

Your attributes grow dramatically as you level up.
You have an increased reservoir of magic. (+10% MP)
You shall have no god before yourself.


Message History

The ball python completely misses you.
You closely miss the ball python.
The ball python is heavily wounded.
The bullfrog hits you but does no damage.
The adder misses you.
You riposte.
Your unstable footing causes you to fumble your attack.
The adder bites you. The bullfrog hits you. The ball python bites you.
The ball python grabs you. The ball python constricts you.
The bullfrog closely misses you. You block the adder's attack. x2
The bullfrog releases a deep croak.
The bullfrog hits you.
Your unstable footing causes you to fumble your attack.
The bullfrog hits you but does no damage.
The ball python completely misses you. The ball python constricts you.
The bullfrog hits you. You block the adder's attack.
The adder barely misses you.
The bullfrog hits you but does no damage.
The ball python bites you but does no damage.
The ball python constricts you. The bullfrog hits you.
The adder closely misses you. The adder barely misses you.
Your unstable footing causes you to fumble your attack.
The bullfrog closely misses you. The bullfrog hits you.
* * * LOW HITPOINT WARNING * * *
The ball python bites you but does no damage.
The ball python constricts you. The adder bites you.
* * * LOW HITPOINT WARNING * * *
The adder bites you but does no damage. The bullfrog hits you.
* * * LOW HITPOINT WARNING * * *
The bullfrog hits you but does no damage.
You block the ball python's attack.
* * * LOW HITPOINT WARNING * * *
The ball python constricts you. The adder bites you.
* * * LOW HITPOINT WARNING * * *
It was a potion of brilliance.
You feel clever all of a sudden.
The bullfrog releases a deep croak.
You block the bullfrog's attack. The adder bites you but does no damage.
The bullfrog completely misses you. You block the ball python's attack.
You die...

≈≈≈≈≈# #≈≈≈≈≈≈#
≈≈≈≈≈# #≈≈≈≈≈≈#
≈≈≈≈≈# #≈≈≈≈(≈#
≈≈≈≈≈# #≈≈≈≈≈≈#
≈≈≈≈≈# #≈≈≈≈≈≈#
≈≈≈≈≈# #≈≈≈≈≈≈#
≈≈≈≈≈# #≈≈≈JSS#
....## #≈≈≈FFS#
≈([.≈# #≈≈≈#@S#
.≈†?≈# #≈≈≈S≈≈#
≈≈††≈# #≈≈≈≈≈≈#
≈≈†≈≈# #≈≈≈≈≈≈#
≈≈≈≈≈# #≈≈≈≈≈≈#
≈≈≈≈≈# #≈≈≈≈≈≈#
≈≈≈≈≈# #####≈≈≈≈≈≈#
≈..≈.# #..###†≈...#
.....###..##†.....#


You could see 2 bullfrogs, 2 adders, an endoplasm and 3 ball pythons.

Vanquished Creatures
  A gnoll (D:1)
  5 river rats (Sewer)
  6 adders
  A worm (D:3)
  A dart slug (D:1)
  2 endoplasms (D:1)
  4 giant cockroaches
  A goblin (D:2)
  3 hobgoblins
  4 jackals (D:1)
  2 quokkas (D:1)
  15 ball pythons
  7 bats
  3 frilled lizards
  3 kobolds
  25 rats
83 creatures vanquished.

Notes
Turn   | Place    | Note
-------+----------+-------------------------------------------
     0 | D:1      | 1player the Demigod Fighter began the quest for the Orb.
     0 | D:1      | Reached XP level 1. HP: 18/18 MP: 3/3
   260 | D:1      | Reached skill level 2 in Long Blades
   483 | D:1      | Reached XP level 2. HP: 23/25 MP: 4/4
   575 | D:1      | Reached skill level 3 in Long Blades
  1136 | D:1      | Reached XP level 3. HP: 30/30 MP: 5/5
  2328 | D:2      | Reached skill level 4 in Long Blades
  2563 | D:3      | Found a glowing drain.
  2584 | Sewer    | Entered a sewer
  2631 | Sewer    | Reached XP level 4. HP: 37/37 MP: 6/6
  3305 | Sewer    | Reached skill level 5 in Long Blades
  3418 | Sewer    | Reached XP level 5. HP: 42/42 MP: 7/7
  3583 | Sewer    | HP: 1/42 [adder (2)]
  3584 | Sewer    | Slain by a ball python

Illustrated notes

Levels and vault maps discovered:
D:1:      shiori_arrival_oz, layout_loops_cross, minmay_misc_feat_roman,
          palyth_stone_intersect, columned_hall_lemuel
D:2:      layout_loops_corners, hangedman_decor_riveting
D:3:      layout_basic, cheibrodos_sewer_entry_drain,
          ebering_ghost_disaster_area
Sewer:    sewer_minmay_w

Skill      XL: |  1  2  3  4 |
---------------+-------------+-----
Long Blades    | 2 3 4 5 |  5.2
Fighting       | |  2.6
Armour         | |  2.6
Shields        | |  2.6

Action                   |  1- 3 |  4- 6 || total
-------------------------+-------+-------++-------
Melee: Long sword        |   124 |   117 ||   241
Throw: Dart              |     6 |    14 ||    20
  Use: Potion            |     1 |     1 ||     2
       Scroll            |       |     2 ||     2
Armor: Scale mail        |    61 |    47 ||   108
Dodge: Dodged            |    88 |    75 ||   163
Block: Kite shield       |    90 |    76 ||   166
       Rpst.: Long sword |    22 |    27 ||    49

Table legend: (Time is in decaauts)
 A = Elapsed time spent in this place.
 B = Non-inter-level travel time spent in this place.
 C = Inter-level travel time spent in this place.
 D = Time resting spent in this place.
 E = Time spent auto-exploring this place.
 F = Levels seen in this place.
 G = Mean time per level.
                   A        B        C        D        E       F      G
               +--------+--------+--------+--------+--------+-----+--------+
         Total |   3784 |   3754 |     30 |   1480 |   1471 |   4 |  946.0 |
       Dungeon |   2649 |   2619 |     30 |    946 |   1270 |   3 |  883.0 |
         Sewer |   1134 |   1134 |      0 |    534 |    201 |   1 | 1134.0 |
               +--------+--------+--------+--------+--------+-----+--------+

Top non-repeatable levels by time:
     D:1: 1594 daAuts
   Sewer: 1134 daAuts
     D:2: 1030 daAuts
     D:3: 25 daAuts
